 Dungeon Crawl Stone Soup version 0.30-a0-916-g9813417 (webtiles) character file.

Game seed: 184900449500761699

1100 Bramble76 the Stinger (level 8, -2/52 HPs)
             Began as a Merfolk Venom Mage on Apr 2, 2023.
             Succumbed to a water moccasin's poison
             ... on level 5 of the Dungeon.
             The game lasted 01:05:35 (3924 turns).

Bramble76 the Stinger (Merfolk Venom Mage)          Turns: 3924, Time: 01:05:37

Health: -2/52      AC:  2    Str:  8    XL:     8   Next: 32%
Magic:  11/16      EV: 28    Int: 21    God:
Gold:   139        SH:  0    Dex: 17    Spells: 10/18 levels left

rFire   x . .      SeeInvis .    x - +2 dagger (venom)
rCold   . . .      Faith    .    (no shield)
rNeg    . . .      Spirit   .    a - +0 robe
rPois   .          Reflect  .    (no helmet)
rElec   .          Rampage  .    (no cloak)
rCorr   .                        (no gloves)
Will    +....                    (no boots)
Stlth   ++                       o - amulet of the Orange Skies {Acrobat rF- Int+4 Dex+3}
HPRegen 0.28/turn                l - ring of willpower
MPRegen 0.15/turn                (no ring)

@: lethally poisoned (-2 -> -26), acrobatic
A: (nimble swimmer 2), mertail
a: no special abilities


You were on level 5 of the Dungeon.
You visited 1 branch of the dungeon, and saw 6 of its levels.

You collected 139 gold pieces.

Inventory:

Hand Weapons
 c - a +0 spear
 d - a +0 short sword
 f - a +0 dagger of pain
 g - a +0 dagger
 m - a +0 shortbow
 s - a +0 flail
 u - a +0 hand axe
 v - a +0 short sword
 w - a +2 flail of protection
 x - a +2 dagger of venom (weapon)
 z - a +0 war axe
Armour
 a - a +0 robe (worn)
 h - a +0 scale mail
 k - a +0 scale mail
 n - a +0 ring mail
 t - a +0 scale mail
 y - a +0 chain mail
 B - a +0 scale mail
 C - a +0 helmet
Jewellery
 l - a ring of willpower (left hand)
 o - the amulet of the Orange Skies (around neck) {Acrobat rF- Int+4 Dex+3}
   (You found it on level 2 of the Dungeon)

   [amulet of the acrobat]

   It increases your evasion while moving and waiting.
   Int:       It affects your intelligence (+4).
   Dex:       It affects your dexterity (+3).
   rF:        It makes you vulnerable to fire.
Wands
 D - a wand of flame (12)
Scrolls
 e - 2 scrolls of identify {unknown}
 i - a scroll of enchant armour {unknown}
Potions
 b - 2 potions of magic
 j - 2 potions of might {unknown}
 p - 2 potions of heal wounds {unknown}
 q - 2 potions of curing {unknown}
 r - 2 potions of lignification {unknown}
 A - a potion of brilliance {unknown}


   Skills:
 + Level 0.1 Fighting
 + Level 1.1 Short Blades
 + Level 2.9 Dodging
 + Level 2.8 Stealth
 * Level 5.7 Spellcasting
 + Level 0.5 Conjurations
 + Level 2.2 Transmutations
 + Level 2.4 Air Magic
 * Level 7.4 Poison Magic


You had 10 spell levels left.
You knew the following spells:

 Your Spells              Type           Power      Damage    Failure   Level
a - Sting                 Tmut/Pois      100%       1d8       1%          1
b - Poisonous Vapours     Pois/Air       52%        N/A       1%          2
c - Mephitic Cloud        Conj/Pois/Air  20%        N/A       8%          3
d - Searing Ray           Conj           16%        2d5       12%         2

Your spell library contained the following spells:

 Spells                   Type           Power      Damage    Failure   Level
 Olgreb's Toxic Radiance  Pois           37%        N/A       4%          4
 Magic Dart               Conj           32%        1d4       8%          1
 Frozen Ramparts          Ice            12%        1d2       30%         3
 Ice Form                 Ice/Tmut       10%        N/A       54%         4
 Fulminant Prism          Conj/Hex       3%         3d5       65%         4
 Anguish                  Hex/Necr       3%         N/A       69%         4
 Summon Ice Beast         Ice/Summ       6%         N/A       69%         4
 Enfeeble                 Hex            3%         N/A       100%        7


Dungeon Overview and Level Annotations

Branches:
Dungeon (6/15)             Temple (0/1) D:6

Altars:
Cheibriados
Hepliaklqana


Innate Abilities, Weirdness & Mutations

((You are very nimble when in or above water. (Stealth+, EV+, Speed+++)))
Your lower body shifts to a powerful aquatic tail in water.


Message History

The howler monkey hoots and howls with incredible vigour!
You hear a shout!
The gnoll bouda is engulfed in noxious fumes.
The gnoll bouda appears confused.
You kill the gnoll bouda!
The howler monkey hoots and howls with incredible vigour!
You hear a bark!
You hit the water moccasin but do no damage.
The water moccasin bites you.
You are poisoned.
The water moccasin poisons you!
You closely miss the water moccasin.
You feel very sick. The water moccasin closely misses you.
The water moccasin bites you!
You are more poisoned.
The water moccasin poisons you!
You barely miss the water moccasin.
You feel extremely sick. The water moccasin closely misses you.
You miss the water moccasin.
You feel very sick.
The howler monkey hoots and howls with incredible vigour!
The water moccasin closely misses you.
You hear a bark!
You hear a shout!
You hear a bark!
You miss the water moccasin.
You feel very sick. The water moccasin bites you!
* * * LOW HITPOINT WARNING * * *
The water moccasin bites you.
* * * LOW HITPOINT WARNING * * *
You are more poisoned.
The water moccasin poisons you!
Aiming: Mephitic Cloud (dangerous; 8% risk of failure)
Press: ? - help, Q - select action, (/) - cycle Shift-Dir - straight line
Okay, then.
* * * LOW HITPOINT WARNING * * *
You feel extremely sick.
The howler monkey hoots and howls with incredible vigour!
You hear a bark!
You die...

## # .# .# .##### #####
#########.# .....# #...#
#.....#..)
.....######...######.....#.# #
.)........'........+.....(># .#
.#...######...######......####.##
.####...........@.S.h............
## #.###################)##'##+#
#.# #.....# #.# #.....# #.#
+##+##'# #.# ... #.# ##'# #.# .#
'


You could see a water moccasin and a howler monkey.

Vanquished Creatures
  A boulder beetle (D:6)
  An ice beast (D:6)
  A bullfrog (D:6)
  A scorpion (D:6)
  A gnoll bouda (D:5)
  3 iguanas
  Ijyb (D:5)
  A mummy (D:6)
  3 gnolls (D:5)
  5 adders
  A shadow imp (D:5)
  2 dart slugs
  6 orcs (D:3)
  8 ball pythons
  3 endoplasms
  2 giant cockroaches
  8 goblins
  3 hobgoblins
  3 jackals
  A quokka (D:2)
  5 bats
  6 frilled lizards
  4 kobolds
  3 rats
73 creatures vanquished.

Notes
Turn   | Place    | Note
-------+----------+-------------------------------------------
     0 | D:1      | Bramble76 the Merfolk Venom Mage began the quest for the
                  | Orb.
     0 | D:1      | Reached XP level 1. HP: 13/13 MP: 3/3
   261 | D:1      | Reached XP level 2. HP: 19/19 MP: 1/5
   264 | D:1      | Learned a level 2 spell: Poisonous Vapours
   699 | D:1      | Found a faded altar of an unknown god.
   978 | D:1      | Reached XP level 3. HP: 6/24 MP: 1/6
  1036 | D:1      | Learned a level 3 spell: Mephitic Cloud
  1131 | D:2      | Reached skill level 4 in Poison Magic
  1328 | D:2      | Reached skill level 1 in Short Blades
  1395 | D:2      | Reached XP level 4. HP: 30/30 MP: 2/7
  1396 | D:2      | Identified the amulet of the Orange Skies {Acrobat rF-
                  | Int+4 Dex+3}
  1844 | D:3      | Found a hazy altar of Hepliaklqana.
  2817 | D:4      | You fall into a shaft and drop 2 floors!
  2841 | D:6      | Noticed a boulder beetle
  2859 | D:6      | Killed a boulder beetle
  2860 | D:6      | Reached skill level 5 in Spellcasting
  2860 | D:6      | Reached skill level 6 in Poison Magic
  2860 | D:6      | Reached XP level 5. HP: 11/35 MP: 3/12
  2860 | D:6      | Reached XP level 6. HP: 13/41 MP: 3/13
  2860 | D:6      | Reached XP level 7. HP: 14/46 MP: 3/14
  2935 | D:6      | Learned a level 2 spell: Searing Ray
  2973 | D:6      | Found a staircase to the Ecumenical Temple.
  3385 | D:6      | Reached XP level 8. HP: 23/52 MP: 4/16
  3502 | D:6      | Found a snail-covered altar of Cheibriados.
  3586 | D:6      | Reached skill level 7 in Poison Magic
  3628 | D:5      | Entered Level 5 of the Dungeon
  3707 | D:5      | Noticed Ijyb
  3721 | D:5      | Killed Ijyb
  3923 | D:5      | HP: 2/52 [poisoned by a water moccasin]
  3924 | D:5      | Succumbed to a water moccasin's poison

Illustrated notes

Levels and vault maps discovered:
D:1:      lemuel_arrival_funnel, layout_basic, ebering_ecumenical_altar_mist,
          kennysheep_nondescript
D:2:      layout_rooms
D:3:      layout_loops_ring, lemuel_doored_altar
D:4:      layout_layer_cave, bloody_makhleb, mainiacjoe_overflow_tiny_flanked,
          portal_sewer_entry_f, uniq_grinder, uniq_menkaure
D:5:      layout_basic, mainiacjoe_overflow_24_doors, serial_shops, shop,
          uniq_ijyb, uniq_pikel, uniq_crazy_yiuf_cottage
D:6:      layout_gridville, pdpol_wu_jian_five_deadly_venoms, lemuel_tele_altar,
          slow_altar_1, mainiacjoe_overflow_cross_hatched,
          mainiacjoe_overflow_brackets, minmay_temple_entry_slanted,
          serial_shops, nicolae_shop_window_shopping, minmay_misc_feat_rows,
          grunt_decor_resistance, chequers_decorated_corner

Skill      XL: |  1  2  3  4  5  6  7  8 |
---------------+-------------------------+-----
Poison Magic   | 4 6 7 |  7.4
Short Blades   | 1 |  1.1
Spellcasting   | 5 |  5.7
Air Magic      | 2 |  2.4
Transmutations | 2 |  2.2
Fighting       | |  0.1
Dodging        | |  2.9
Stealth        | |  2.8
Conjurations   | |  0.5

Action                     |  1- 3 |  4- 6 |  7- 9 || total
---------------------------+-------+-------+-------++-------
  Melee: Spear             |    10 |       |       ||    10
         Short sword       |    22 |       |       ||    22
         Dagger            |    30 |    13 |    36 ||    79
   Cast: Sting             |    25 |     1 |    23 ||    49
         Poisonous Vapours |    14 |    37 |    22 ||    73
         Mephitic Cloud    |       |     1 |     6 ||     7
         Searing Ray       |       |       |     6 ||     6
   Stab: Sleeping          |     1 |       |       ||     1
 Armour: Robe              |    12 |     3 |       ||    15
  Dodge: Dodged            |    44 |     9 |    32 ||    85

Table legend: (Time is in decaauts)
 A = Elapsed time spent in this place.
 B = Non-inter-level travel time spent in this place.
 C = Inter-level travel time spent in this place.
 D = Time resting spent in this place.
 E = Time spent auto-exploring this place.
 F = Levels seen in this place.
 G = Mean time per level.
                   A        B        C        D        E       F      G
               +--------+--------+--------+--------+--------+-----+--------+
         Total |   3920 |   1937 |   1983 |   1079 |      0 |   6 |  653.3 |
       Dungeon |   3920 |   1937 |   1983 |   1079 |      0 |   6 |  653.3 |
               +--------+--------+--------+--------+--------+-----+--------+

Top non-repeatable levels by time:
     D:3: 1167 daAuts
     D:1: 1012 daAuts
     D:6: 870 daAuts
     D:2: 634 daAuts
     D:5: 235 daAuts
